 Dungeon Crawl Stone Soup version 0.17-a0-18-gc25b939 (webtiles) character file.

587 JacquesDerrida the Caller (level 7, 0/46 HPs)
             Began as a Merfolk Summoner on Mar 7, 2015.
             Was a Follower of Ashenzari.
             Succumbed to a killer bee's poison
             ... on level 7 of the Dungeon.
             The game lasted 00:23:17 (2405 turns).

JacquesDerrida the Caller (Merfolk Summoner)        Turns: 2405, Time: 00:23:18

Health: 0/46       AC:  4    Str:  6 (9)  XL:     7   Next: 38%
Magic:  14/15      EV: 12    Int: 16      God:    Ashenzari [*.....]
Gold:   40         SH:  0    Dex: 14      Spells: 3 memorised, 3 levels left

rFire  . . .     SeeInvis +     c - 2 bread rations
rCold  . . .     Clarity  .     z - +0 leather armour {rPois} (curse)
rNeg   . . .     SustAb   .     (no shield)
rPois  +         Gourm    .     l - +0 helmet (curse)
rElec  .         Spirit   .     (no cloak)
rCorr  .         Warding  .     (no gloves)
rMut   .         Stasis   .     (no boots)
MR     .....                    (no amulet)
Stlth  ++........               (no ring)
                                d - ring of see invisible (curse)

@: lethally poisoned (0 -> -1), very slightly contaminated, hasted, very quick,
not resistant to hostile enchantments, unstealthy
A: change form in water, swift swim
a: Renounce Religion


You were on level 7 of the Dungeon.
You worshipped Ashenzari.
Ashenzari was aware of your devotion.
You were hungry.

You visited 2 branches of the dungeon, and saw 8 of its levels.

You collected 145 gold pieces.
You spent 105 gold pieces at shops.

Inventory:

Hand weapons
 a - a +0 trident
 b - a +0 blowgun
 y - a +2 dagger of protection
Missiles
 e - 2 needles of frenzy
 j - 35 poisoned needles
 v - 2 throwing nets (quivered)
Armour
 l - a cursed +0 helmet (worn)
 z - a cursed +0 leather armour of poison resistance (worn)
Jewellery
 d - a cursed ring of see invisible (left hand)
Magical devices
 p - a wand of draining (4)
 w - a wand of flame (13)
Scrolls
 i - a scroll of teleportation
 q - a scroll of random uselessness
 t - 2 scrolls of curse jewellery
 u - a scroll of curse armour
Potions
 m - a potion of decay
 s - 2 potions of agility
 x - a potion of might
Books
 r - a book of Callings

   Spells                             Type                      Level
   a - Summon Small Mammal            Summoning                    1
   b - Call Imp                       Summoning                    2
   c - Call Canine Familiar           Summoning                    3
   d - Summon Guardian Golem          Hexes/Summoning              4
   e - Summon Lightning Spire         Summoning/Air                4
   f - Summon Ice Beast               Ice/Summoning                4
Comestibles
 c - 2 bread rations (in hand)
 h - a beef jerky
 k - a slice of pizza
 n - 4 meat rations
 B - a chunk of flesh


   Skills:
 + Level 5.2 Polearms
 - Level 2.6 Dodging
 - Level 2.1 Stealth
 - Level 3.3 Spellcasting
 + Level 6.8 Summonings
 + Level 1.4 Air Magic


You had 3 spell levels left.
You knew the following spells:

 Your Spells              Type           Power        Failure   Level  Hunger
b - Call Imp              Summ           ###.....     2%          2    ##.....
c - Call Canine Familiar  Summ           ###.....     6%          3    ###....
d - Summon Lightning Spi  Summ/Air       ###.....     65%         4    ####...


Dungeon Overview and Level Annotations

Branches:
Dungeon (7/15)             Temple (1/1) D:4

Altars:
Ashenzari
Cheibriados
Fedhas
Gozag
Kikubaaqudgha
Qazlal
Trog
Vehumet
Yredelemnul

Shops:
D:4 =   D:5 ?

Annotations:
D:3 exclusion: hippogriff
D:4 Eustachio
D:7 exclusions: 2 killer bees and 10 more exclusions


Message History

You swing at nothing.
You swing at nothing.
* * * LOW HITPOINT WARNING * * *
You feel sick.
You swing at nothing.
You swing at nothing.
You swing at nothing.
You swing at nothing.
* * * LOW HITPOINT WARNING * * *
You feel sick.
You swing at nothing.
You swing at nothing.
You swing at nothing.
Your hound disappears in a puff of smoke!
Drink which item? (? for menu, Esc to quit)
Okay, then.
Read which item? (? for menu, Esc to quit)
Okay, then.
You swing at nothing.
You die...

#####
##########...#
#@..†........##
#.#########...#
#.# #....## #.#
#.#..F# #.#
#..#...... #.#
#..###..... #.#
#..# ##.... #.#
.# ##... #.# .
#..


There were no monsters in sight!

Vanquished Creatures
  2 phantoms (D:5)
  A scorpion (D:4)
  A giant frog zombie (D:5)
  A hound (D:7)
  A giant frog skeleton (D:4)
  3 worker ants
  A giant mite (D:5)
  3 orcs
  A giant cockroach (D:2)
  2 goblins
  4 hobgoblins
  2 bats
  2 giant newts
  2 kobolds (D:5)
  3 quokkas
  4 rats
33 creatures vanquished.

Vanquished Creatures (collateral kills)
  2 giant frogs (D:7)
  A crimson imp (D:6)
  2 orc wizards (D:6)
  A giant frog skeleton (D:6)
  A hound (D:5)
  2 worker ants (D:4)
  2 iguanas
  3 gnolls (D:2)
  3 adders
  A worm (D:5)
  An adder skeleton (D:6)
  An ooze (D:1)
  7 orcs
  3 hobgoblins
  2 quokkas
  2 bats
  3 goblins
  7 kobolds
  2 rats
46 creatures vanquished.

Vanquished Creatures (others)
  2 crimson imps
  10 hounds
  3 shadow imps
  2 bats (D:1)
  A giant spore (D:7)
  3 quokkas (D:1)
  2 rats (D:1)
23 creatures vanquished.

Grand Total: 102 creatures vanquished

Notes
Turn   | Place    | Note
--------------------------------------------------------------
     0 | D:1      | JacquesDerrida, the Merfolk Summoner, began the quest for the Orb.
     0 | D:1      | Reached XP level 1. HP: 13/13 MP: 3/3
   241 | D:1      | Reached XP level 2. HP: 10/19 MP: 0/4
   247 | D:1      | Learned a level 2 spell: Call Imp
   345 | D:2      | Reached XP level 3. HP: 21/24 MP: 0/6
   410 | D:2      | Reached skill level 5 in Summonings
   503 | D:3      | Noticed a hippogriff
   528 | D:4      | Found a staircase to the Ecumenical Temple.
   533 | D:4      | Learned a level 3 spell: Call Canine Familiar
   550 | Temple   | Entered the Ecumenical Temple
   559 | Temple   | Became a worshipper of Ashenzari the Shackled
   586 | D:4      | Noticed a scorpion
   596 | D:4      | Killed a scorpion
   596 | D:4      | Reached skill level 1 in Polearms
   596 | D:4      | Reached XP level 4. HP: 30/30 MP: 2/8
   677 | D:4      | Noticed Eustachio
   792 | D:3      | Found a bloodstained altar of Trog.
   867 | D:4      | Reached XP level 5. HP: 22/35 MP: 2/9
   904 | D:4      | Found Jatoexuy's Jewellery Emporium.
  1014 | D:2      | Found a basalt altar of Yredelemnul.
  1291 | D:5      | Entered Level 5 of the Dungeon
  1492 | D:5      | Noticed a phantom
  1575 | D:5      | Killed a phantom
  1575 | D:5      | Reached skill level 6 in Summonings
  1575 | D:5      | Reached XP level 6. HP: 24/41 MP: 1/12
  1664 | D:5      | Noticed a phantom
  1724 | D:5      | Killed a phantom
  1872 | D:5      | Found Cheock's Magic Scroll Shoppe.
  1907 | D:5      | Bought a scroll of blinking for 105 gold pieces
  1935 | D:6      | Learned a level 4 spell: Summon Lightning Spire
  1962 | D:6      | Found an opulent altar of Gozag.
  1969 | D:6      | Found a snail-covered altar of Cheibriados.
  2048 | D:6      | Found a blossoming altar of Fedhas.
  2086 | D:6      | Reached XP level 7. HP: 42/46 MP: 6/15
  2346 | D:7      | Reached skill level 5 in Polearms
  2346 | D:7      | Reached skill level 1 in Air Magic
  2390 | D:7      | HP: 2/46 [poisoned by a killer bee]
  2397 | D:7      | HP: 1/46 [poisoned by a killer bee]
  2405 | D:7      | Succumbed to a killer bee's poison

Action                   |  1- 3 |  4- 6 |  7- 9 || total
-------------------------+-------+-------+-------++-------
Melee: Unarmed           |     2 |       |       ||     2
       Trident           |     6 |   127 |    16 ||   149
       Short sword       |     3 |       |       ||     3
Throw: Tomahawk          |     1 |       |     2 ||     3
 Cast: Summon Small Mamm |    16 |       |       ||    16
       Call Imp          |    12 |    20 |     3 ||    35
       Call Canine Famil |     2 |    23 |     7 ||    32
  Use: Potion            |       |     1 |     2 ||     3
       Scroll            |       |    11 |     4 ||    15
 Stab: Sleeping          |       |     3 |       ||     3
       Distracted        |       |     3 |       ||     3
  Eat: Chunk             |       |     9 |     2 ||    11
